 Dungeon Sprint DCSS version 0.20.1-1-g8b1a95d (webtiles) character file.

1244 torrenera the Grappler (level 8, -6/139 HPs)
             Began as a Troll Berserker on Aug 31, 2017.
             Was an Elder of Trog.
             Mangled by Sonja
             ... wielding a +0 short sword of distortion
              (15 damage)
             ... in the Dungeon (Sprint I: "Red Sonja").
             The game lasted 00:03:03 (321 turns).

torrenera the Grappler (Troll Berserker)             Turns: 321, Time: 00:03:04

Health: -6/139     AC:  5    Str: 31    XL:     8   Next: 25%
Magic:  7/7        EV: 10    Int:  3    God:    Trog [****..]
Gold:   405        SH:  0    Dex: 11    Spells: 7/7 levels left

rFire    . . .     SeeInvis .     - Unarmed
rCold    . . .     Gourm    +   (no shield)
rNeg     . . .     Faith    .   a - +0 animal skin
rPois    .         Spirit   .   (helmet restricted)
rElec    .         Reflect  .   (no cloak)
rCorr    .         Harm     .   (gloves unavailable)
MR       ++...     NoTele   +   (boots unavailable)
Stlth    ..........             (no amulet)
Regen    1.8/turn               (no ring)
MPRegen  0.1/turn               (no ring)

@: berserking, lethally poisoned (-6 -> -9), regenerating, slowed
A: unfitting armour, claws 3, fast metabolism 3, gourmand, regeneration 1,
shaggy fur 1, tough skin 2
a: Berserk, Trog's Hand, Brothers in Arms, Burn Spellbooks, Renounce Religion


You were in the Dungeon.
You worshipped Trog.
Trog was greatly pleased with you.
You were not hungry.

You visited 1 branch You collected 405 gold pieces.

Inventory:

Armour
 a - a +0 animal skin (worn)
Wands
 i - a wand of flame (24/48)
 j - a wand of flame (12/48)
Scrolls
 h - a scroll of blinking
 k - a scroll of identify {unknown}
 l - a scroll of enchant armour {unknown}
Potions
 c - a potion of curing
 d - a potion of heal wounds
 e - a potion of haste
 f - 2 potions of magic
 g - a potion of berserk rage
Comestibles
 b - 2 bread rations


   Skills:
 + Level 10.2 Fighting
 - Level 2.4 Dodging
 + Level 13.8 Unarmed Combat


You had 7 spell levels left.
You didn't know any spells.

Dungeon Overview and Level Annotations

Branches:
Dungeon (1/1)

Altars:
Cheibriados
Dithmenos
Elyvilon
Fedhas
Gozag
Hepliaklqana
Kikubaaqudgha
Makhleb
Nemelex Xobeh
Okawaru
Qazlal
Ru
Sif Muna
Trog
Uskayaw
Vehumet
Xom
Yredelemnul
Zin
The Shining One
Jiyva
Lugonu

Shops:
D }

Annotations:
D Sonja


Innate Abilities, Weirdness & Mutations

You are too large for most types of armour.
You have claws for hands.
Your metabolism is lightning-fast.
You like to eat raw meat.
Your natural rate of healing is unusually fast.
You are covered in fur. (AC +1)
You have very tough skin. (AC +2)


Message History

Sonja wields an uncursed short sword of distortion.
Its appearance distorts for a moment.
Sonja hits you but does no damage. Space bends around you.
Sonja hits you with an uncursed short sword of distortion.
Space bends around you. Sonja hits you but does no damage.
Space bends around you.
There is an entrance to Idghegup's Gadget Emporium here.
A red film seems to cover your vision as you go berserk!
You feel yourself moving faster!
You feel mighty!
You feel a lot more hungry.
You feel very sick.
Sonja hits you with an uncursed short sword of distortion.
Space warps horribly around you!
* * * LOW HITPOINT WARNING * * *
Sonja barely misses you. Sonja hits you but does no damage.
Space warps horribly around you!
* * * LOW HITPOINT WARNING * * *
Sonja hits you with an uncursed short sword of distortion.
* * * LOW HITPOINT WARNING * * *
Space warps horribly around you!
You die...

#######################
#<.#..)..#.)'..#__#..'.
#..').#..'..#..'..'..#)
#..#####'#####'#__####.
#..####..#...#.#### ##
#..#__####..##.#
#..#_____##'#..+
#⌠⌠#_K@...'..._#
####_..__##_.#+#
#_____###K# ####### .#
.K .$# .## +#


You could see Sonja.

Vanquished Creatures
  2 kobold demonologists (D)
  A slime creature (D)
  Sigmund (D)
  A yak (D)
  A floating eye (D)
  An ogre (D)
  A jelly (D)
  Ijyb (D)
9 creatures vanquished.

Notes
Turn   | Place    | Note
-------+----------+-------------------------------------------
     0 | D        | torrenera the Troll Berserker began the quest for the Orb.
     0 | D        | Reached XP level 1. HP: 22/22 MP: 0/0
     1 | D        | Noticed Ijyb
    21 | D        | Killed Ijyb
    21 | D        | Reached skill level 5 in Unarmed Combat
    21 | D        | Reached XP level 2. HP: 15/32 MP: 1/1
    57 | D        | Noticed an ogre
    61 | D        | Killed an ogre
    61 | D        | Reached skill level 5 in Fighting
    61 | D        | Reached skill level 7 in Unarmed Combat
    61 | D        | Reached XP level 3. HP: 42/42 MP: 2/2
    61 | D        | Reached XP level 4. HP: 50/50 MP: 3/3
   101 | D        | Noticed Sigmund
   106 | D        | Killed Sigmund
   106 | D        | Reached ** piety under Trog
   106 | D        | Reached skill level 9 in Unarmed Combat
   106 | D        | Reached XP level 5. HP: 62/62 MP: 4/4
   131 | D        | Found a deep blue altar of Sif Muna.
   133 | D        | Found a radiant altar of Vehumet.
   134 | D        | Reached skill level 10 in Unarmed Combat
   134 | D        | Reached XP level 6. HP: 72/72 MP: 5/5
   157 | D        | Found Idghegup's Gadget Emporium.
   157 | D        | Found an ancient bone altar of Kikubaaqudgha.
   157 | D        | Found a hazy altar of Hepliaklqana.
   157 | D        | Found a hide-covered altar of Uskayaw.
   157 | D        | Found a basalt altar of Yredelemnul.
   157 | D        | Found an opulent altar of Gozag.
   157 | D        | Found a snail-covered altar of Cheibriados.
   157 | D        | Found a sacrificial altar of Ru.
   157 | D        | Found a shadowy altar of Dithmenos.
   157 | D        | Noticed a yak
   158 | D        | Found a stormy altar of Qazlal.
   158 | D        | Found a blossoming altar of Fedhas.
   158 | D        | Found a bloodstained altar of Trog.
   158 | D        | Found an iron altar of Okawaru.
   158 | D        | Found a glowing golden altar of the Shining One.
   158 | D        | Found a glowing silver altar of Zin.
   158 | D        | Found a white marble altar of Elyvilon.
   162 | D        | Killed a yak
   162 | D        | Reached skill level 11 in Unarmed Combat
   163 | D        | Found a sparkling altar of Nemelex Xobeh.
   180 | D        | Found a burning altar of Makhleb.
   180 | D        | Found a viscous altar of Jiyva.
   180 | D        | Found a shimmering altar of Xom.
   180 | D        | Found a corrupted altar of Lugonu.
   180 | D        | Noticed a slime creature
   187 | D        | Killed a slime creature
   187 | D        | Reached *** piety under Trog
   187 | D        | Reached skill level 12 in Unarmed Combat
   187 | D        | Reached XP level 7. HP: 78/83 MP: 6/6
   202 | D        | Noticed a kobold demonologist
   203 | D        | Noticed a kobold demonologist
   203 | D        | Paralysed by a floating eye for 3 turns
   210 | D        | Killed a kobold demonologist
   210 | D        | Paralysed by a floating eye for 2 turns
   213 | D        | Noticed a soul eater
   220 | D        | Noticed a chaos spawn
   221 | D        | Killed a kobold demonologist
   221 | D        | Reached **** piety under Trog
   221 | D        | Reached skill level 10 in Fighting
   221 | D        | Reached skill level 13 in Unarmed Combat
   221 | D        | Reached XP level 8. HP: 45/93 MP: 7/7
   311 | D        | Noticed Sonja
   321 | D        | Mangled by Sonja

Skill      XL: |  1  2  3  4  5  6  7 |
---------------+----------------------+-----
Fighting       | 4 5 7 9 10 | 10.2
Unarmed Combat | 5 7 9 10 12 13 | 13.8
Dodging        | |  2.4

Action                   |  1- 3 |  4- 6 |  7- 9 || total
-------------------------+-------+-------+-------++-------
Melee: Unarmed           |    22 |    13 |    17 ||    52
       Punch             |     1 |       |       ||     1
Invok: Berserk           |     1 |     1 |     1 ||     3
       Trog's Hand       |       |       |     1 ||     1
 Stab: Sleeping          |       |     1 |       ||     1
  Eat: Chunk             |     2 |     2 |       ||     4
Armor: Animal skin       |     3 |       |     7 ||    10
Dodge: Dodged            |     3 |     4 |     2 ||     9
